MapleLeafs vs Bruins

Created - 24 septembre 2017 at 17:26

Simulating a Pre-Season

Goals
1 2 3 T
MapleLeafs 2 1 1 4
Bruins 0 4 1 5
Shots
1 2 3 T
MapleLeafs 11 7 13 31
Bruins 15 13 7 35

1st period

1. MapleLeafs , Nazem Kadri 1 (Lawson Crouse 1, Jimmy Hayes 1) at 8:01
2. MapleLeafs , David Krejci 3 (Karl Alzner 1) at 17:31

Penalties :
Andrew Ladd (BOS) for Tripping (Minor) at 5:28

2nd period

3. Bruins , Leon Draisaitl 5 (Torey Krug 2, Jakub Vrana 1) at 5:15
4. MapleLeafs , Mikael Backlund 1 (Nick Leddy 1, Frederick Gaudreau 1) at 6:46
5. Bruins , Tomas Plekanec 2 (Connor Brown 3, Mark Streit 2) at 7:03
6. Bruins , Tomas Plekanec 3 (Jake Muzzin 5, Daniel Winnik 2) at 11:45 (PP)
7. Bruins , Connor Brown 2 (Tomas Plekanec 2, Torey Krug 3) at 18:59 (PP)

Penalties :
P.K. Subban (BOS) for High sticking (Minor) at 1:46, Nazem Kadri (TOR) for Delaying the game (Minor) at 11:13, Alexei Emelin (TOR) for Slashing (Minor) at 15:55, Scott Laughton (TOR) for Tripping (Minor) at 18:02

3rd period

8. Bruins , Shea Weber 1 (Leon Draisaitl 6, Corey Perry 3) at 5:11 (PP)
9. MapleLeafs , Mikael Backlund 2 (Scott Laughton 2) at 19:50

Penalties :
Andrew Ladd (BOS) for Holding Stick (Minor) at 0:31, Anthony Mantha (TOR) for High sticking (Minor) at 3:31, Andrew Ladd (BOS) for Hooking (Minor) at 16:37

Goalie Stats

Craig Anderson (TOR), 30 saves from 35 shots - (0.857), L, 0-4-0, 60:00 minutes
Carey Price (BOS), 27 saves from 31 shots - (0.871), W, 4-1-0, 60:00 minutes

Players Stats for MapleLeafs

Player Name              G  A  P  +/- PIM S  H  SB GA TA FO     MP     PP MP  PK MP  
------------------------------------------------------------------------------------
Alexei Emelin            0  0  0   0  2   0  3  1  0  0  0/0    19:20   3:39   1:27 
Alexey Marchenko         0  0  0   0  0   0  2  2  0  0  0/0    15:51   0:00   0:21 
Anthony Mantha           0  0  0   1  2   4  1  0  0  0  0/2    16:47   3:49   0:00 
Brent Seabrook           0  0  0   2  0   2  1  0  0  0  0/0    23:45   4:17   2:17 
David Krejci             1  0  1   1  0   6  3  0  0  0  17/28  20:42   4:04   3:39 
Dmitry Kulikov           0  0  0   0  0   0  4  2  0  0  0/0    15:30   0:00   0:00 
Frederick Gaudreau       0  1  1   2  0   0  1  0  0  0  0/0     7:13   0:00   0:00 
Jimmy Hayes              0  1  1   0  0   0  0  0  0  0  2/2    11:38   0:15   0:00 
Jordan Staal             0  0  0  -1  0   3  3  1  0  0  29/36  22:52   3:52   3:39 
Karl Alzner              0  1  1   0  0   0  0  1  0  0  0/0    20:45   3:39   2:51 
Lawson Crouse            0  1  1   0  0   1  2  0  0  0  0/0    11:38   0:15   0:00 
Markus Granlund          0  0  0   1  0   4  1  0  0  0  1/1    16:48   3:49   0:00 
Mikael Backlund          2  0  2   2  0   2  0  0  0  0  4/11    8:42   0:00   1:29 
Milan Lucic              0  0  0  -1  0   2  3  0  0  0  0/1    19:13   3:52   0:00 
Nazem Kadri              1  0  1   0  2   2  1  0  0  0  8/13   12:51   0:00   1:29 
Nick Leddy               0  1  1   2  0   1  2  1  0  0  0/0    24:48   4:17   3:20 
Reilly Smith             0  0  0  -1  0   4  0  0  0  0  1/2    19:13   3:52   0:00 
Scott Laughton           0  1  1   2  2   0  0  0  0  0  0/2     7:12   0:00   0:00 

Players Stats for Bruins

Player Name              G  A  P  +/- PIM S  H  SB GA TA FO     MP     PP MP  PK MP  
------------------------------------------------------------------------------------
Andrew Ladd              0  0  0  -1  6   1  4  1  0  0  0/1    18:10   2:22   0:48 
Carl Soderberg           0  0  0   1  0   0  0  0  0  0  2/5     5:41   0:00   2:35 
Connor Brown             1  1  2  -1  0   3  4  0  0  0  1/3    16:24   2:46   0:00 
Corey Perry              0  1  1  -1  0   3  3  0  0  0  0/2    21:35   2:22   4:10 
Daniel Winnik            0  1  1  -1  0   5  1  0  0  0  0/2    16:24   2:46   0:00 
Jake Guentzel            0  0  0   0  0   0  0  0  0  0  0/0     1:30   0:00   1:26 
Jake Muzzin              0  1  1   0  0   2  1  0  0  0  0/0    20:12   2:25   4:22 
Jakub Vrana              0  1  1   1  0   1  0  0  0  0  0/0     3:06   0:00   0:00 
Kevin Fiala              0  0  0  -1  0   1  0  0  0  0  0/0    15:09   0:00   0:00 
Leon Draisaitl           1  1  2   0  0   3  1  0  0  0  14/40  24:35   2:22   4:08 
Mark Streit              0  1  1   1  0   0  2  1  0  0  0/0    13:35   0:00   0:00 
Melker Karlsson          0  0  0  -1  0   2  1  0  0  0  0/0    15:09   0:00   0:00 
Noah Hanifin             0  0  0   1  0   2  1  0  0  0  0/0    14:19   0:00   0:44 
P.K. Subban              0  0  0  -3  2   0  1  1  0  0  0/0    25:28   2:43   2:50 
Ryan Spooner             0  0  0  -1  0   0  1  0  0  0  6/18   15:09   0:00   0:00 
Shea Weber               1  0  1  -3  0   4  5  3  0  0  0/0    26:13   2:43   3:34 
Tomas Plekanec           2  1  3  -1  0   6  0  0  0  0  13/27  19:09   2:46   2:45 
Torey Krug               0  2  2   0  0   2  2  1  0  0  0/0    20:12   2:25   4:22 

3 Stars

1 - Mikael Backlund (TOR)
2 - Tomas Plekanec (BOS)
3 - Connor Brown (BOS)

Power Play

MapleLeafs - 0 on 4 Attempt(s) - 0.00%
Bruins - 3 on 4 Attempt(s) - 75.00%

Penalty Kill

MapleLeafs - 1 on 4 Attempt(s) - 25.00% - Score 0 goal in Penalty Kill
Bruins - 4 on 4 Attempt(s) - 100.00% - Score 0 goal in Penalty Kill

Team Stat

MapleLeafs - Hits : 27 - Faceoff Wins : 62 - Blocked Shots : 8 - Penalty Minutes : 8
Bruins - Hits : 27 - Faceoff Wins : 36 - Blocked Shots : 7 - Penalty Minutes : 8

Official

Referees : Ghislain Hebert and Jacob Brenk
Linesman : Tim Nowak and Steve Barton

Game Notes

No Game Note

% Time on Ice - MapleLeafs

Lines # - Real PCT - Wanted PCT - Time Play
Normal Forward
1 - 32% - 36% - 15:12
2 - 28% - 32% - 12:59
3 - 24% - 20% - 11:23
4 - 15% - 12% - 7:13
Normal Defense
1 - 36% - 38% - 17:02
2 - 30% - 34% - 14:15
3 - 33% - 28% - 15:30
4 - 0% - 0% - 0:00
PP Forward
1 - 49% - 60% - 3:52
2 - 51% - 40% - 4:04
PP Defense
1 - 54% - 60% - 4:17
2 - 46% - 40% - 3:39
PK Forward
1 - 71% - 60% - 3:39
2 - 29% - 40% - 1:29
PK Defense
1 - 42% - 60% - 2:09
2 - 58% - 40% - 2:59
PK3 Forward
1 - 0% - 60%
2 - 0% - 40%
PK3 Defense
1 - 0% - 60%
2 - 0% - 40%
44 Forward
1 - 0% - 60%
2 - 0% - 40%
44 Defense
1 - 0% - 60%
2 - 0% - 40%
Last Minute Offensive  - 0:09
Last Minute Defensive  - 0:00
Total
Forward - 60:00
Defense - 60:00

% Time on Ice - Bruins

Lines # - Real PCT - Wanted PCT - Time Play
Normal Forward
1 - 32% - 40% - 14:54
2 - 29% - 30% - 13:38
3 - 32% - 20% - 15:09
4 - 7% - 10% - 3:06
Normal Defense
1 - 38% - 40% - 18:00
2 - 29% - 30% - 13:25
3 - 29% - 20% - 13:35
4 - 4% - 10% - 1:47
PP Forward
1 - 46% - 60% - 2:22
2 - 54% - 40% - 2:46
PP Defense
1 - 53% - 60% - 2:43
2 - 47% - 40% - 2:25
PK Forward
1 - 65% - 60% - 5:11
2 - 35% - 40% - 2:45
PK Defense
1 - 45% - 60% - 3:34
2 - 55% - 40% - 4:22
PK3 Forward
1 - 0% - 60%
2 - 0% - 40%
PK3 Defense
1 - 0% - 60%
2 - 0% - 40%
44 Forward
1 - 0% - 60%
2 - 0% - 40%
44 Defense
1 - 0% - 60%
2 - 0% - 40%
Last Minute Offensive  - 0:00
Last Minute Defensive  - 0:09
Total
Forward - 60:00
Defense - 60:00

Play by Play

1st period


0:01 of 1st period - Jordan Staal wins face-off versus Corey Perry in neutral zone.
0:11 of 1st period - Shot by Reilly Smith.
0:11 of 1st period - Shot Blocked by Shea Weber.
0:13 of 1st period - Shot by Brent Seabrook.
0:13 of 1st period - Stopped by Carey Price with a rebound.
0:15 of 1st period - Shot by Brent Seabrook.
0:15 of 1st period - Shot Misses the Net.
0:19 of 1st period - Shot by Milan Lucic.
0:19 of 1st period - Shot Blocked by Shea Weber.
0:21 of 1st period - Shot by Reilly Smith.
0:21 of 1st period - Shot Misses the Net.
0:23 of 1st period - Shot by Reilly Smith.
0:23 of 1st period - Stopped by Carey Price without a rebound.
0:24 of 1st period - Tomas Plekanec wins face-off versus David Krejci in Bruins zone.
0:32 of 1st period - Icing by Markus Granlund.
0:33 of 1st period - Ryan Spooner wins face-off versus David Krejci in MapleLeafs zone.
0:51 of 1st period - Shot by Kevin Fiala.
0:51 of 1st period - Shot Misses the Net.
0:53 of 1st period - Shot by Mark Streit.
0:53 of 1st period - Shot Misses the Net.
1:32 of 1st period - Tomas Plekanec is hit by Dmitry Kulikov and loses puck.
2:19 of 1st period - Shot by Reilly Smith.
2:19 of 1st period - Shot Misses the Net.
3:09 of 1st period - Shot by Melker Karlsson.
3:09 of 1st period - Shot Misses the Net.
3:11 of 1st period - Shot by Melker Karlsson.
3:11 of 1st period - Shot Misses the Net.
3:13 of 1st period - Shot by Melker Karlsson.
3:13 of 1st period - Stopped by Craig Anderson without a rebound.
3:14 of 1st period - Tomas Plekanec wins face-off versus Mikael Backlund in MapleLeafs zone.
3:14 of 1st period - Tomas Plekanec is hit by Alexei Emelin.
3:16 of 1st period - Shot by Connor Brown.
3:16 of 1st period - Shot Misses the Net.
3:22 of 1st period - Shot by Connor Brown.
3:22 of 1st period - Shot Misses the Net.
3:24 of 1st period - Shot by Daniel Winnik.
3:24 of 1st period - Stopped by Craig Anderson without a rebound.
3:25 of 1st period - David Krejci wins face-off versus Carl Soderberg in MapleLeafs zone.
3:44 of 1st period - Shot by Jakub Vrana.
3:44 of 1st period - Stopped by Craig Anderson without a rebound.
3:45 of 1st period - Tomas Plekanec wins face-off versus Mikael Backlund in MapleLeafs zone.
3:46 of 1st period - Shot by Daniel Winnik.
3:46 of 1st period - Stopped by Craig Anderson without a rebound.
3:47 of 1st period - Mikael Backlund wins face-off versus Tomas Plekanec in MapleLeafs zone.
3:47 of 1st period - Mikael Backlund is hit by Connor Brown.
3:58 of 1st period - Icing by Shea Weber.
3:59 of 1st period - Tomas Plekanec wins face-off versus Nazem Kadri in Bruins zone.
4:08 of 1st period - Shot by Connor Brown.
4:08 of 1st period - Shot Blocked by Dmitry Kulikov.
4:55 of 1st period - Off-side.
4:56 of 1st period - David Krejci wins face-off versus Ryan Spooner in neutral zone.
5:01 of 1st period - Icing by Melker Karlsson.
5:02 of 1st period - Ryan Spooner wins face-off versus Jordan Staal in Bruins zone.
5:02 of 1st period - Ryan Spooner is hit by Jordan Staal.
5:14 of 1st period - Shot by Noah Hanifin.
5:14 of 1st period - Stopped by Craig Anderson with a rebound.
5:27 of 1st period - Off-side.
5:28 of 1st period - David Krejci wins face-off versus Leon Draisaitl in neutral zone.
5:28 of 1st period - Minor Penalty to Andrew Ladd for Tripping.
5:29 of 1st period - Leon Draisaitl wins face-off versus David Krejci in Bruins zone.
6:06 of 1st period - Shot by Markus Granlund.
6:06 of 1st period - Shot Misses the Net.
6:12 of 1st period - David Krejci is hit by Corey Perry and loses puck.
7:49 of 1st period - Shot by Melker Karlsson.
7:49 of 1st period - Deflect By Kevin Fiala.
7:49 of 1st period - Stopped by Craig Anderson without a rebound.
7:50 of 1st period - Jimmy Hayes wins face-off versus Tomas Plekanec in MapleLeafs zone.
8:01 of 1st period - Shot by Nazem Kadri.
8:01 of 1st period - Goal by Nazem Kadri - MapleLeafs : 1 - Bruins : 0.
8:02 of 1st period - Leon Draisaitl wins face-off versus Mikael Backlund in neutral zone.
8:09 of 1st period - Shot by Noah Hanifin.
8:09 of 1st period - Stopped by Craig Anderson without a rebound.
8:10 of 1st period - Connor Brown wins face-off versus Jordan Staal in MapleLeafs zone.
8:10 of 1st period - Connor Brown is hit by Nick Leddy.
8:23 of 1st period - Icing by Brent Seabrook.
8:24 of 1st period - Leon Draisaitl wins face-off versus Jordan Staal in MapleLeafs zone.
8:32 of 1st period - Off-side.
8:33 of 1st period - David Krejci wins face-off versus Andrew Ladd in neutral zone.
9:02 of 1st period - Shot by Leon Draisaitl.
9:02 of 1st period - Shot Misses the Net.
9:10 of 1st period - Shot by Corey Perry.
9:10 of 1st period - Shot Misses the Net.
9:12 of 1st period - Shot by Shea Weber.
9:12 of 1st period - Stopped by Craig Anderson without a rebound.
9:13 of 1st period - Jordan Staal wins face-off versus Tomas Plekanec in MapleLeafs zone.
9:41 of 1st period - Shot by Tomas Plekanec.
9:41 of 1st period - Stopped by Craig Anderson without a rebound.
9:42 of 1st period - Ryan Spooner wins face-off versus Scott Laughton in MapleLeafs zone.
10:21 of 1st period - Icing by Alexey Marchenko.
10:22 of 1st period - Leon Draisaitl wins face-off versus Mikael Backlund in MapleLeafs zone.
10:37 of 1st period - Shot by Corey Perry.
10:37 of 1st period - Stopped by Craig Anderson without a rebound.
10:38 of 1st period - David Krejci wins face-off versus Tomas Plekanec in MapleLeafs zone.
10:38 of 1st period - David Krejci is hit by Connor Brown.
10:44 of 1st period - Tomas Plekanec is hit by David Krejci and loses puck.
11:36 of 1st period - Shot by Jordan Staal.
11:36 of 1st period - Stopped by Carey Price without a rebound.
11:37 of 1st period - Leon Draisaitl wins face-off versus Nazem Kadri in Bruins zone.
12:07 of 1st period - Off-side.
12:08 of 1st period - Jordan Staal wins face-off versus Ryan Spooner in neutral zone.
12:15 of 1st period - Shot by Reilly Smith.
12:15 of 1st period - Stopped by Carey Price without a rebound.
12:16 of 1st period - Jordan Staal wins face-off versus Ryan Spooner in Bruins zone.
12:40 of 1st period - Kevin Fiala is hit by Jordan Staal and loses puck.
13:06 of 1st period - Shot by Anthony Mantha.
13:06 of 1st period - Stopped by Carey Price with a rebound.
14:01 of 1st period - Shot by Leon Draisaitl.
14:01 of 1st period - Shot Misses the Net.
14:23 of 1st period - Shot by Nazem Kadri.
14:23 of 1st period - Deflect By Lawson Crouse.
14:23 of 1st period - Shot Misses the Net.
14:25 of 1st period - Shot by Nazem Kadri.
14:25 of 1st period - Stopped by Carey Price without a rebound.
14:26 of 1st period - Jordan Staal wins face-off versus Tomas Plekanec in Bruins zone.
15:15 of 1st period - Shot by Carl Soderberg.
15:15 of 1st period - Shot Blocked by Jordan Staal.
15:33 of 1st period - Icing by Jordan Staal.
15:34 of 1st period - Jordan Staal wins face-off versus Leon Draisaitl in MapleLeafs zone.
15:36 of 1st period - Icing by Reilly Smith.
15:37 of 1st period - Jordan Staal wins face-off versus Leon Draisaitl in MapleLeafs zone.
15:55 of 1st period - Icing by Jake Muzzin.
15:56 of 1st period - Nazem Kadri wins face-off versus Leon Draisaitl in Bruins zone.
16:10 of 1st period - Icing by Torey Krug.
16:11 of 1st period - Leon Draisaitl wins face-off versus David Krejci in Bruins zone.
16:26 of 1st period - Shot by Corey Perry.
16:26 of 1st period - Stopped by Craig Anderson without a rebound.
16:27 of 1st period - Tomas Plekanec wins face-off versus Mikael Backlund in MapleLeafs zone.
16:42 of 1st period - Shot by Tomas Plekanec.
16:42 of 1st period - Stopped by Craig Anderson without a rebound.
16:43 of 1st period - David Krejci wins face-off versus Ryan Spooner in MapleLeafs zone.
16:54 of 1st period - Shot by David Krejci.
16:54 of 1st period - Shot Blocked by Mark Streit.
16:56 of 1st period - Shot by Anthony Mantha.
16:56 of 1st period - Stopped by Carey Price without a rebound.
16:57 of 1st period - Tomas Plekanec wins face-off versus Jordan Staal in Bruins zone.
16:57 of 1st period - Shea Weber is hit by Milan Lucic and loses puck.
17:06 of 1st period - Shot by Milan Lucic.
17:06 of 1st period - Stopped by Carey Price without a rebound.
17:07 of 1st period - David Krejci wins face-off versus Ryan Spooner in Bruins zone.
17:11 of 1st period - Icing by P.K. Subban.
17:12 of 1st period - David Krejci wins face-off versus Ryan Spooner in Bruins zone.
17:31 of 1st period - Shot by David Krejci.
17:31 of 1st period - Goal by David Krejci - MapleLeafs : 2 - Bruins : 0.
17:32 of 1st period - Jordan Staal wins face-off versus Leon Draisaitl in neutral zone.
17:51 of 1st period - Shot by Reilly Smith.
17:51 of 1st period - Stopped by Carey Price without a rebound.
17:52 of 1st period - David Krejci wins face-off versus Tomas Plekanec in Bruins zone.
18:32 of 1st period - Shot by Shea Weber.
18:32 of 1st period - Stopped by Craig Anderson without a rebound.
18:33 of 1st period - Jordan Staal wins face-off versus Leon Draisaitl in MapleLeafs zone.
18:47 of 1st period - Corey Perry is hit by Brent Seabrook and loses puck.
18:58 of 1st period - Shot by Torey Krug.
18:58 of 1st period - Stopped by Craig Anderson without a rebound.
18:59 of 1st period - Nazem Kadri wins face-off versus Ryan Spooner in MapleLeafs zone.
19:12 of 1st period - Shot by Ryan Spooner.
19:12 of 1st period - Shot Misses the Net.
19:14 of 1st period - Shot by Noah Hanifin.
19:14 of 1st period - Shot Blocked by Alexey Marchenko.
19:24 of 1st period - Shot by Kevin Fiala.
19:24 of 1st period - Shot Misses the Net.
19:43 of 1st period - Off-side.
19:44 of 1st period - Leon Draisaitl wins face-off versus Anthony Mantha in neutral zone.
19:49 of 1st period - Shot by Corey Perry.
19:49 of 1st period - Stopped by Craig Anderson without a rebound.
19:50 of 1st period - Jordan Staal wins face-off versus Leon Draisaitl in MapleLeafs zone.
19:50 of 1st period - Jordan Staal is hit by Andrew Ladd.
Goals for this period are 2 for MapleLeafs vs 0 for Bruins.
Shots for this period are 11 for MapleLeafs vs 15 for Bruins.

2nd period


0:01 of 2nd period - Leon Draisaitl wins face-off versus David Krejci in neutral zone.
0:03 of 2nd period - Off-side.
0:04 of 2nd period - Leon Draisaitl wins face-off versus David Krejci in neutral zone.
0:11 of 2nd period - Shot by David Krejci.
0:11 of 2nd period - Shot Misses the Net.
0:17 of 2nd period - Shot by David Krejci.
0:17 of 2nd period - Stopped by Carey Price without a rebound.
0:18 of 2nd period - Jordan Staal wins face-off versus Connor Brown in Bruins zone.
0:48 of 2nd period - Icing by Reilly Smith.
0:49 of 2nd period - Jordan Staal wins face-off versus Leon Draisaitl in MapleLeafs zone.
0:49 of 2nd period - Jordan Staal is hit by Andrew Ladd.
0:56 of 2nd period - Jordan Staal is hit by Shea Weber and loses puck.
1:00 of 2nd period - Reilly Smith is hit by Shea Weber and loses puck.
1:07 of 2nd period - Shot by Reilly Smith.
1:07 of 2nd period - Shot Misses the Net.
1:39 of 2nd period - Shot by David Krejci.
1:39 of 2nd period - Shot Blocked by P.K. Subban.
1:41 of 2nd period - Shot by Alexei Emelin.
1:41 of 2nd period - Shot Misses the Net.
1:46 of 2nd period - Minor Penalty to P.K. Subban for High sticking.
1:47 of 2nd period - Jordan Staal wins face-off versus Carl Soderberg in Bruins zone.
2:02 of 2nd period - Shot by Nick Leddy.
2:02 of 2nd period - Stopped by Carey Price without a rebound.
2:03 of 2nd period - David Krejci wins face-off versus Leon Draisaitl in Bruins zone.
2:13 of 2nd period - Off-side.
2:14 of 2nd period - Jordan Staal wins face-off versus Leon Draisaitl in neutral zone.
2:17 of 2nd period - Shot by Nick Leddy.
2:17 of 2nd period - Shot Misses the Net.
2:19 of 2nd period - Shot by Nick Leddy.
2:19 of 2nd period - Shot Misses the Net.
2:31 of 2nd period - Jake Muzzin is hit by Milan Lucic and loses puck.
2:38 of 2nd period - Shot by Brent Seabrook.
2:38 of 2nd period - Stopped by Carey Price without a rebound.
2:39 of 2nd period - Leon Draisaitl wins face-off versus David Krejci in Bruins zone.
2:39 of 2nd period - Leon Draisaitl is hit by David Krejci.
3:33 of 2nd period - Shot by Brent Seabrook.
3:33 of 2nd period - Shot Blocked by Andrew Ladd.
4:37 of 2nd period - Connor Brown is hit by Alexey Marchenko.
4:45 of 2nd period - Shot by Daniel Winnik.
4:45 of 2nd period - Stopped by Craig Anderson with a rebound.
4:47 of 2nd period - Shot by Daniel Winnik.
4:47 of 2nd period - Shot Blocked by Dmitry Kulikov.
5:13 of 2nd period - Shot by Torey Krug.
5:13 of 2nd period - Shot Misses the Net.
5:15 of 2nd period - Shot by Leon Draisaitl.
5:15 of 2nd period - Goal by Leon Draisaitl - MapleLeafs : 2 - Bruins : 1.
5:16 of 2nd period - Jordan Staal wins face-off versus Leon Draisaitl in neutral zone.
5:27 of 2nd period - Shot by Milan Lucic.
5:27 of 2nd period - Stopped by Carey Price without a rebound.
5:28 of 2nd period - David Krejci wins face-off versus Ryan Spooner in Bruins zone.
5:29 of 2nd period - Shot by Anthony Mantha.
5:29 of 2nd period - Deflect By David Krejci.
5:29 of 2nd period - Stopped by Carey Price with a rebound.
5:39 of 2nd period - Shot by Markus Granlund.
5:39 of 2nd period - Shot Misses the Net.
5:47 of 2nd period - Melker Karlsson is hit by David Krejci and loses puck.
6:35 of 2nd period - Icing by Jake Muzzin.
6:36 of 2nd period - Mikael Backlund wins face-off versus Leon Draisaitl in Bruins zone.
6:36 of 2nd period - Mikael Backlund is hit by Torey Krug.
6:46 of 2nd period - Shot by Mikael Backlund.
6:46 of 2nd period - Goal by Mikael Backlund - MapleLeafs : 3 - Bruins : 1.
6:47 of 2nd period - Jordan Staal wins face-off versus Tomas Plekanec in neutral zone.
7:01 of 2nd period - Shot by Connor Brown.
7:01 of 2nd period - Shot Misses the Net.
7:03 of 2nd period - Shot by Tomas Plekanec.
7:03 of 2nd period - Goal by Tomas Plekanec - MapleLeafs : 3 - Bruins : 2.
7:04 of 2nd period - David Krejci wins face-off versus Leon Draisaitl in neutral zone.
7:10 of 2nd period - Shot by Markus Granlund.
7:10 of 2nd period - Shot Misses the Net.
7:51 of 2nd period - Corey Perry is hit by Alexei Emelin and loses puck.
8:12 of 2nd period - Shot by Connor Brown.
8:12 of 2nd period - Stopped by Craig Anderson without a rebound.
8:13 of 2nd period - Mikael Backlund wins face-off versus Ryan Spooner in MapleLeafs zone.
8:45 of 2nd period - Melker Karlsson is hit by Dmitry Kulikov and loses puck.
8:53 of 2nd period - Icing by Mikael Backlund.
8:54 of 2nd period - Tomas Plekanec wins face-off versus Mikael Backlund in MapleLeafs zone.
9:11 of 2nd period - Shot by Daniel Winnik.
9:11 of 2nd period - Stopped by Craig Anderson with a rebound.
9:48 of 2nd period - Icing by Leon Draisaitl.
9:49 of 2nd period - Leon Draisaitl wins face-off versus Reilly Smith in Bruins zone.
9:49 of 2nd period - Leon Draisaitl is hit by Milan Lucic.
9:55 of 2nd period - Jordan Staal is hit by Corey Perry and loses puck.
10:28 of 2nd period - Nick Leddy is hit by Corey Perry and loses puck.
10:41 of 2nd period - Alexei Emelin is hit by Andrew Ladd and loses puck.
10:56 of 2nd period - Shot by David Krejci.
10:56 of 2nd period - Shot Hit the Post.
11:08 of 2nd period - Shot by Markus Granlund.
11:08 of 2nd period - Stopped by Carey Price without a rebound.
11:09 of 2nd period - Nazem Kadri wins face-off versus Tomas Plekanec in Bruins zone.
11:13 of 2nd period - Minor Penalty to Nazem Kadri for Delaying the game.
11:14 of 2nd period - Jordan Staal wins face-off versus Daniel Winnik in MapleLeafs zone.
11:25 of 2nd period - Alexei Emelin is hit by Connor Brown and loses puck.
11:41 of 2nd period - Shot by Daniel Winnik.
11:41 of 2nd period - Stopped by Craig Anderson with a rebound.
11:43 of 2nd period - Shot by Jake Muzzin.
11:43 of 2nd period - Shot Misses the Net.
11:45 of 2nd period - Shot by Tomas Plekanec.
11:45 of 2nd period - Goal by Tomas Plekanec - MapleLeafs : 3 - Bruins : 3.
11:46 of 2nd period - Nazem Kadri wins face-off versus Ryan Spooner in neutral zone.
12:52 of 2nd period - Mikael Backlund is hit by Torey Krug and loses puck.
13:00 of 2nd period - Frederick Gaudreau is hit by Jake Muzzin and loses puck.
13:05 of 2nd period - Shot by Mikael Backlund.
13:05 of 2nd period - Shot Blocked by Torey Krug.
13:40 of 2nd period - Reilly Smith is hit by Shea Weber and loses puck.
13:54 of 2nd period - Jordan Staal is hit by Daniel Winnik.
14:54 of 2nd period - Ryan Spooner is hit by Nazem Kadri and loses puck.
15:51 of 2nd period - Shot by Melker Karlsson.
15:51 of 2nd period - Stopped by Craig Anderson without a rebound.
15:52 of 2nd period - Carl Soderberg wins face-off versus Scott Laughton in MapleLeafs zone.
15:52 of 2nd period - Carl Soderberg is hit by Alexei Emelin.
15:55 of 2nd period - Minor Penalty to Alexei Emelin for Slashing.
15:56 of 2nd period - Jordan Staal wins face-off versus Tomas Plekanec in MapleLeafs zone.
15:56 of 2nd period - Jordan Staal is hit by Connor Brown.
16:10 of 2nd period - Shot by Tomas Plekanec.
16:10 of 2nd period - Shot Misses the Net.
16:12 of 2nd period - Shot by Tomas Plekanec.
16:12 of 2nd period - Shot Blocked by Nick Leddy.
16:14 of 2nd period - Shot by P.K. Subban.
16:14 of 2nd period - Shot Misses the Net.
16:16 of 2nd period - Shot by Connor Brown.
16:16 of 2nd period - Stopped by Craig Anderson without a rebound.
16:17 of 2nd period - Jordan Staal wins face-off versus Leon Draisaitl in MapleLeafs zone.
17:06 of 2nd period - Off-side.
17:07 of 2nd period - Tomas Plekanec wins face-off versus Jordan Staal in neutral zone.
17:10 of 2nd period - Shot by Jake Muzzin.
17:10 of 2nd period - Shot Misses the Net.
17:12 of 2nd period - Shot by Jake Muzzin.
17:12 of 2nd period - Stopped by Craig Anderson without a rebound.
17:13 of 2nd period - Tomas Plekanec wins face-off versus Nazem Kadri in MapleLeafs zone.
17:14 of 2nd period - Shot by Torey Krug.
17:14 of 2nd period - Shot Misses the Net.
17:40 of 2nd period - Shot by Connor Brown.
17:40 of 2nd period - Shot Misses the Net.
17:42 of 2nd period - Shot by Tomas Plekanec.
17:42 of 2nd period - Stopped by Craig Anderson without a rebound.
17:43 of 2nd period - Jordan Staal wins face-off versus Corey Perry in MapleLeafs zone.
18:02 of 2nd period - Minor Penalty to Scott Laughton for Tripping.
18:03 of 2nd period - Leon Draisaitl wins face-off versus Jordan Staal in MapleLeafs zone.
18:16 of 2nd period - P.K. Subban is hit by Jordan Staal.
18:37 of 2nd period - Shot by Shea Weber.
18:37 of 2nd period - Stopped by Craig Anderson without a rebound.
18:38 of 2nd period - Jordan Staal wins face-off versus Connor Brown in MapleLeafs zone.
18:59 of 2nd period - Shot by Connor Brown.
18:59 of 2nd period - Goal by Connor Brown - MapleLeafs : 3 - Bruins : 4.
19:00 of 2nd period - Ryan Spooner wins face-off versus Nazem Kadri in neutral zone.
19:17 of 2nd period - Noah Hanifin is hit by Dmitry Kulikov.
19:41 of 2nd period - Mark Streit is hit by Lawson Crouse.
Goals for this period are 1 for MapleLeafs vs 4 for Bruins.
Shots for this period are 7 for MapleLeafs vs 13 for Bruins.

3rd period


0:01 of 3rd period - Reilly Smith wins face-off versus Leon Draisaitl in neutral zone.
0:03 of 3rd period - Jordan Staal is hit by Shea Weber.
0:13 of 3rd period - Shot by Leon Draisaitl.
0:13 of 3rd period - Stopped by Craig Anderson without a rebound.
0:14 of 3rd period - David Krejci wins face-off versus Tomas Plekanec in MapleLeafs zone.
0:25 of 3rd period - Shot by Jake Muzzin.
0:25 of 3rd period - Stopped by Craig Anderson without a rebound.
0:26 of 3rd period - Jordan Staal wins face-off versus Leon Draisaitl in MapleLeafs zone.
0:26 of 3rd period - Jordan Staal is hit by Andrew Ladd.
0:31 of 3rd period - Minor Penalty to Andrew Ladd for Holding Stick.
0:32 of 3rd period - Jordan Staal wins face-off versus Leon Draisaitl in Bruins zone.
1:02 of 3rd period - Shot by Nick Leddy.
1:02 of 3rd period - Shot Misses the Net.
1:38 of 3rd period - Shot by Markus Granlund.
1:38 of 3rd period - Stopped by Carey Price without a rebound.
1:39 of 3rd period - Markus Granlund wins face-off versus Tomas Plekanec in Bruins zone.
1:42 of 3rd period - Shot by David Krejci.
1:42 of 3rd period - Stopped by Carey Price with a rebound.
1:48 of 3rd period - Shot by Markus Granlund.
1:48 of 3rd period - Stopped by Carey Price without a rebound.
1:49 of 3rd period - Jordan Staal wins face-off versus Leon Draisaitl in Bruins zone.
1:55 of 3rd period - Milan Lucic is hit by P.K. Subban and loses puck.
2:45 of 3rd period - Dmitry Kulikov is hit by Melker Karlsson and loses puck.
2:51 of 3rd period - Ryan Spooner is hit by Dmitry Kulikov and loses puck.
2:54 of 3rd period - Shot by Melker Karlsson.
2:54 of 3rd period - Deflect By Ryan Spooner.
2:54 of 3rd period - Shot Misses the Net.
3:21 of 3rd period - Icing by P.K. Subban.
3:22 of 3rd period - David Krejci wins face-off versus Tomas Plekanec in Bruins zone.
3:29 of 3rd period - Shot by David Krejci.
3:29 of 3rd period - Deflect By Anthony Mantha.
3:29 of 3rd period - Stopped by Carey Price without a rebound.
3:30 of 3rd period - Carl Soderberg wins face-off versus David Krejci in Bruins zone.
3:30 of 3rd period - P.K. Subban is hit by Markus Granlund.
3:31 of 3rd period - Minor Penalty to Anthony Mantha for High sticking.
3:32 of 3rd period - Jordan Staal wins face-off versus Leon Draisaitl in MapleLeafs zone.
3:46 of 3rd period - Off-side.
3:47 of 3rd period - Jordan Staal wins face-off versus Daniel Winnik in neutral zone.
4:45 of 3rd period - Icing by Shea Weber.
4:46 of 3rd period - Nazem Kadri wins face-off versus Leon Draisaitl in Bruins zone.
5:11 of 3rd period - Shot by Shea Weber.
5:11 of 3rd period - Goal by Shea Weber - MapleLeafs : 3 - Bruins : 5.
5:12 of 3rd period - Ryan Spooner wins face-off versus David Krejci in neutral zone.
5:43 of 3rd period - Shot by Noah Hanifin.
5:43 of 3rd period - Shot Blocked by Karl Alzner.
5:45 of 3rd period - Shot by Melker Karlsson.
5:45 of 3rd period - Shot Misses the Net.
6:06 of 3rd period - Off-side.
6:07 of 3rd period - Leon Draisaitl wins face-off versus Jordan Staal in neutral zone.
6:22 of 3rd period - Leon Draisaitl is hit by Nick Leddy and loses puck.
7:14 of 3rd period - Shot by Connor Brown.
7:14 of 3rd period - Deflect By Tomas Plekanec.
7:14 of 3rd period - Stopped by Craig Anderson without a rebound.
7:15 of 3rd period - Mikael Backlund wins face-off versus Ryan Spooner in MapleLeafs zone.
7:15 of 3rd period - Mikael Backlund is hit by Ryan Spooner.
7:40 of 3rd period - Mikael Backlund is hit by Mark Streit and loses puck.
7:46 of 3rd period - Scott Laughton is hit by Noah Hanifin and loses puck.
8:04 of 3rd period - David Krejci is hit by Mark Streit.
8:10 of 3rd period - Shot by David Krejci.
8:10 of 3rd period - Deflect By Anthony Mantha.
8:10 of 3rd period - Stopped by Carey Price without a rebound.
8:11 of 3rd period - Nazem Kadri wins face-off versus Leon Draisaitl in Bruins zone.
8:24 of 3rd period - Shot by Lawson Crouse.
8:24 of 3rd period - Stopped by Carey Price without a rebound.
8:25 of 3rd period - Tomas Plekanec wins face-off versus David Krejci in Bruins zone.
8:25 of 3rd period - Daniel Winnik is hit by Anthony Mantha.
8:26 of 3rd period - Icing by Daniel Winnik.
8:27 of 3rd period - David Krejci wins face-off versus Tomas Plekanec in Bruins zone.
8:32 of 3rd period - Shot by David Krejci.
8:32 of 3rd period - Stopped by Carey Price without a rebound.
8:33 of 3rd period - Jordan Staal wins face-off versus Leon Draisaitl in Bruins zone.
8:38 of 3rd period - Shot by Milan Lucic.
8:38 of 3rd period - Shot Misses the Net.
8:55 of 3rd period - Shot by Reilly Smith.
8:55 of 3rd period - Deflect By Jordan Staal.
8:55 of 3rd period - Stopped by Carey Price without a rebound.
8:56 of 3rd period - Tomas Plekanec wins face-off versus Anthony Mantha in Bruins zone.
10:10 of 3rd period - Shot by Andrew Ladd.
10:10 of 3rd period - Shot Misses the Net.
10:14 of 3rd period - Shot by Andrew Ladd.
10:14 of 3rd period - Stopped by Craig Anderson without a rebound.
10:15 of 3rd period - Nazem Kadri wins face-off versus Ryan Spooner in MapleLeafs zone.
10:35 of 3rd period - Shot by Melker Karlsson.
10:35 of 3rd period - Shot Blocked by Alexey Marchenko.
11:22 of 3rd period - Shot by Leon Draisaitl.
11:22 of 3rd period - Stopped by Craig Anderson without a rebound.
11:23 of 3rd period - Jordan Staal wins face-off versus Tomas Plekanec in MapleLeafs zone.
11:34 of 3rd period - Shot by Milan Lucic.
11:34 of 3rd period - Shot Misses the Net.
12:03 of 3rd period - Shot by Jordan Staal.
12:03 of 3rd period - Deflect By Milan Lucic.
12:03 of 3rd period - Shot Misses the Net.
12:37 of 3rd period - Shot by Markus Granlund.
12:37 of 3rd period - Shot Misses the Net.
12:39 of 3rd period - Shot by Markus Granlund.
12:39 of 3rd period - Stopped by Carey Price with a rebound.
12:56 of 3rd period - Icing by Shea Weber.
12:57 of 3rd period - Jimmy Hayes wins face-off versus Leon Draisaitl in Bruins zone.
13:01 of 3rd period - Icing by P.K. Subban.
13:02 of 3rd period - Nazem Kadri wins face-off versus Leon Draisaitl in Bruins zone.
13:10 of 3rd period - P.K. Subban is hit by Lawson Crouse and loses puck.
13:18 of 3rd period - Icing by Dmitry Kulikov.
13:19 of 3rd period - Ryan Spooner wins face-off versus Nazem Kadri in MapleLeafs zone.
13:43 of 3rd period - Off-side.
13:44 of 3rd period - Jordan Staal wins face-off versus Carl Soderberg in neutral zone.
13:51 of 3rd period - Shot by Reilly Smith.
13:51 of 3rd period - Stopped by Carey Price with a rebound.
14:06 of 3rd period - Jordan Staal is hit by Shea Weber.
14:08 of 3rd period - Shot by Milan Lucic.
14:08 of 3rd period - Shot Misses the Net.
14:10 of 3rd period - Shot by Milan Lucic.
14:10 of 3rd period - Shot Hit the Post.
14:12 of 3rd period - Shot by Milan Lucic.
14:12 of 3rd period - Shot Blocked by Shea Weber.
14:14 of 3rd period - Shot by Milan Lucic.
14:14 of 3rd period - Shot Misses the Net.
14:16 of 3rd period - Shot by Brent Seabrook.
14:16 of 3rd period - Shot Misses the Net.
14:18 of 3rd period - Shot by Jordan Staal.
14:18 of 3rd period - Stopped by Carey Price without a rebound.
14:19 of 3rd period - Tomas Plekanec wins face-off versus David Krejci in Bruins zone.
14:32 of 3rd period - Shot by Connor Brown.
14:32 of 3rd period - Shot Misses the Net.
14:34 of 3rd period - Shot by Tomas Plekanec.
14:34 of 3rd period - Deflect By Daniel Winnik.
14:34 of 3rd period - Shot Blocked by Alexei Emelin.
14:36 of 3rd period - Shot by Daniel Winnik.
14:36 of 3rd period - Shot Misses the Net.
14:38 of 3rd period - Shot by Connor Brown.
14:38 of 3rd period - Shot Misses the Net.
14:54 of 3rd period - Shot by Torey Krug.
14:54 of 3rd period - Stopped by Craig Anderson with a rebound.
14:56 of 3rd period - Shot by Jake Muzzin.
14:56 of 3rd period - Shot Misses the Net.
16:19 of 3rd period - Brent Seabrook is hit by Leon Draisaitl and loses puck.
16:37 of 3rd period - Minor Penalty to Andrew Ladd for Hooking.
16:38 of 3rd period - David Krejci wins face-off versus Leon Draisaitl in Bruins zone.
18:01 of 3rd period - Shot by David Krejci.
18:01 of 3rd period - Stopped by Carey Price without a rebound.
18:02 of 3rd period - David Krejci wins face-off versus Leon Draisaitl in Bruins zone.
19:02 of 3rd period - Ryan Spooner is hit by Alexey Marchenko and loses puck.
19:17 of 3rd period - Off-side.
19:18 of 3rd period - Tomas Plekanec wins face-off versus Mikael Backlund in neutral zone.
19:27 of 3rd period - Shot by Connor Brown.
19:27 of 3rd period - Shot Misses the Net.
19:43 of 3rd period - P.K. Subban is hit by Frederick Gaudreau and loses puck.
19:50 of 3rd period - Shot by Mikael Backlund.
19:50 of 3rd period - Goal by Mikael Backlund - MapleLeafs : 4 - Bruins : 5.
19:51 of 3rd period - Leon Draisaitl wins face-off versus Milan Lucic in neutral zone.
Goals for this period are 1 for MapleLeafs vs 1 for Bruins.
Shots for this period are 13 for MapleLeafs vs 7 for Bruins.